 Dungeon Crawl Stone Soup version 0.22.1-1-ga44c0e5 (webtiles) character file.

535 Iscandelvey the Conjurer (level 6, -2/46 HPs)
             Began as a Demigod Conjurer on Sept 30, 2018.
             Slain by a troll (7 damage)
             ... on level 6 of the Dungeon.
             The game lasted 00:22:54 (5838 turns).

Iscandelvey the Conjurer (Demigod Conjurer)         Turns: 5838, Time: 00:22:54

Health: -2/46      AC:  2    Str: 15    XL:     6   Next: 74%
Magic:  2/14       EV: 13    Int: 23    God:
Gold:   267        SH:  0    Dex: 16    Spells: 5/11 levels left

rFire    . . .     SeeInvis .   u - +1 falchion (slice)
rCold    + . .     Gourm    .   (no shield)
rNeg     . . .     Faith    .   a - +0 robe
rPois    .         Spirit   .   (no helmet)
rElec    .         Reflect  .   (no cloak)
rCorr    .         Harm     .   (no gloves)
MR       .....                  (no boots)
Stlth    ++........             (no amulet)
HPRegen  0.15/turn              b - ring of protection from cold
MPRegen  0.14/turn              w - +4 ring of strength

@: no status effects
A: high mp 1
a: no special abilities


You were on level 6 of the Dungeon.
You were not hungry.

You visited 1 branch of the dungeon, and saw 6 of its levels.

You collected 267 gold pieces.

Inventory:

Hand Weapons
 j - a +0 dagger
 u - a +1 falchion of slicing (weapon)
Missiles
 k - 7 curare-tipped needles
Armour
 a - a +0 robe (worn)
 r - a +0 shield
Jewellery
 b - a ring of protection from cold (left hand)
 w - a +4 ring of strength (right hand)
Wands
 x - a wand of polymorph (18)
Scrolls
 d - 3 scrolls of remove curse {unknown}
 e - a scroll of immolation {unknown}
 f - 13 scrolls of identify {unknown}
 g - 5 scrolls of teleportation {unknown}
 h - a scroll of blinking {unknown}
 m - 2 scrolls of fear {unknown}
 n - a scroll of amnesia {unknown}
 o - 2 scrolls of enchant armour {unknown}
 y - a scroll of brand weapon {unknown}
 C - a scroll of magic mapping {unknown}
Potions
 i - 2 potions of curing {unknown}
 l - 3 potions of brilliance {unknown}
 p - a potion of ambrosia {unknown}
 q - a potion of flight {unknown}
 s - a potion of agility {unknown}
 t - 2 potions of cancellation {unknown}
 v - a potion of haste {unknown}
 z - a potion of resistance {unknown}
 A - a potion of degeneration {unknown}
 B - 2 potions of heal wounds {unknown}
Comestibles
 c - 7 rations


   Skills:
 - Level 0.5 Fighting
 + Level 0.2(0.6) Short Blades
 - Level 1.0 Long Blades
 + Level 2.0 Armour
 + Level 2.5 Dodging
 - Level 2.4 Stealth
 + Level 3.4 Spellcasting
 * Level 5.5 Conjurations
 + Level 1.3 Hexes


You had 5 spell levels left.
You knew the following spells:

 Your Spells              Type           Power        Failure   Level  Hunger
a - Magic Dart            Conj           ####         1%          1    None
b - Searing Ray           Conj           ####..       1%          2    ##.....
c - Dazzling Spray        Conj/Hex       ###...       9%          3    ###....

Your spell library contained the following spells:

 Spells                   Type           Power        Failure   Level  Hunger
 Corona                   Hex            #......      7%          1    None
 Iskenderun's Mystic Bla  Conj           ####....     12%         4    ####...
 Ensorcelled Hibernation  Hex/Ice        #.....       13%         2    ##.....
 Confuse                  Hex            #.......     21%         3    ###....
 Tukima's Dance           Hex            #.......     21%         3    ###....
 Fulminant Prism          Conj/Hex       ###.......   26%         4    ####...
 Force Lance              Conj/Tloc      ###.....     34%         4    ####...


Dungeon Overview and Level Annotations

Branches:
Dungeon (6/15)             Temple (0/1) D:4


Innate Abilities, Weirdness & Mutations

You have an increased reservoir of magic. (+10% MP)


Message History

Casting: Dazzling Spray (safe; 9% risk of failure)
Confirm with . or Enter, or press ? or * to list all spells.
Aiming: Dazzling Spray (safe; 9% risk of failure)
Press: ? - help, Shift-Dir - straight line, f/p - troll
Aim: a troll (lightly wounded)
The spray of energy hits the troll.
The troll is lightly wounded.
The troll completely misses you. The troll misses you.
The troll closely misses you.
Casting: Dazzling Spray (safe; 9% risk of failure)
Confirm with . or Enter, or press ? or * to list all spells.
Aiming: Dazzling Spray (safe; 9% risk of failure)
Press: ? - help, Shift-Dir - straight line, f/p - troll
Aim: a troll (lightly wounded)
The spray of energy hits the troll.
The troll is moderately wounded.
The troll is dazzled.
The troll bites you!
* * * LOW HITPOINT WARNING * * *
The troll closely misses you. The troll claws you!
You die...

##.... ..... #...
#...########
#..........#
#..........###
#?$...........
###....T.....#
........@.....####
.................#
..%..............#
....########.#...#
.... #.#...# ...
#.#...#.. ..
#.#...#.###
#.....+...
#.....#.####


You could see a troll (blind).

Vanquished Creatures
  An ogre (D:5)
  A phantom (D:4)
  A howler monkey (D:4)
  A bullfrog zombie (D:5)
  An iguana (D:3)
  2 bullfrog skeletons (D:5)
  2 orc wizards (D:3)
  A worker ant (D:5)
  A hound skeleton (D:5)
  An adder (D:3)
  5 worms
  4 dart slugs
  2 leopard geckos
  9 orcs
  4 giant cockroaches
  11 goblins
  7 hobgoblins
  3 jackals (D:6)
  3 quokkas
  8 bats
  6 frilled lizards
  4 kobolds
  3 rats
81 creatures vanquished.

Notes
Turn   | Place    | Note
-------+----------+-------------------------------------------
     0 | D:1      | Iscandelvey the Demigod Conjurer began the quest for the
                  | Orb.
     0 | D:1      | Reached XP level 1. HP: 14/14 MP: 5/5
   261 | D:1      | Reached XP level 2. HP: 20/20 MP: 4/7
   264 | D:1      | Reached skill level 4 in Conjurations
   861 | D:2      | Reached XP level 3. HP: 26/26 MP: 0/8
  1698 | D:2      | Found a radiant altar of Vehumet.
  2135 | D:3      | Found a bloodstained altar of Trog.
  2353 | D:2      | Learned a level 2 spell: Searing Ray
  2357 | D:2      | Learned a level 3 spell: Dazzling Spray
  2362 | D:3      | Reached XP level 4. HP: 33/33 MP: 1/10
  2736 | D:3      | Reached skill level 1 in Armour
  3006 | D:3      | Reached skill level 5 in Conjurations
  3136 | D:3      | Reached XP level 5. HP: 38/38 MP: 5/11
  3768 | D:4      | Found a staircase to the Ecumenical Temple.
  4093 | D:4      | Noticed a phantom
  4305 | D:4      | Killed a phantom
  4305 | D:4      | Reached skill level 1 in Hexes
  4305 | D:4      | Reached XP level 6. HP: 13/45 MP: 0/13
  4798 | D:5      | Entered Level 5 of the Dungeon
  5581 | D:5      | Found an ancient bone altar of Kikubaaqudgha.
  5710 | D:5      | Reached skill level 1 in Long Blades
  5778 | D:6      | Found an iron altar of Okawaru.
  5827 | D:6      | Noticed a troll
  5838 | D:6      | Slain by a troll

Skill      XL: |  1  2  3  4  5  6 |
---------------+-------------------+-----
Conjurations   | 4 5 |  5.5
Spellcasting   | 2 3 |  3.4
Dodging        | 2 |  2.5
Armour         | 1 2 |  2.0
Stealth        | 2 |  2.4
Hexes          | 1 |  1.3
Long Blades    | 1 |  1.0
Fighting       | |  0.5
Short Blades   | |  0.2

Action                   |  1- 3 |  4- 6 || total
-------------------------+-------+-------++-------
Melee: Unarmed           |    15 |       ||    15
       Dagger            |    57 |    14 ||    71
       Falchion          |       |    46 ||    46
 Cast: Magic Dart        |   123 |    26 ||   149
       Dazzling Spray    |     1 |    19 ||    20
       Searing Ray       |     1 |    10 ||    11
 Stab: Sleeping          |     1 |     2 ||     3
       Invisible         |       |     3 ||     3
  Eat: Chunk             |     5 |     7 ||    12
       Ration            |       |     2 ||     2
Armor: Robe              |    34 |     2 ||    36
Dodge: Dodged            |    84 |    64 ||   148
       Rpst.: Falchion   |       |    11 ||    11
